 Dungeon Crawl Stone Soup version 0.30.1-11-g7821555f0a (webtiles) character file.

Game seed: 3949169118951025396

55 Valnes the Cudgeller (level 3, -2/34 HPs)
             Began as a Minotaur Berserker on Nov 1, 2023.
             Was a Believer of Trog.
             Slain by a scorpion (5 damage)
             ... on level 3 of the Dungeon.
             The game lasted 00:05:19 (1463 turns).

Valnes the Cudgeller (Minotaur Berserker)           Turns: 1463, Time: 00:05:19

Health: -2/34      AC:  3    Str: 23    XL:     3   Next: 67%
Magic:  2/2        EV: 12    Int:  4    God:    Trog [**....]
Gold:   136        SH:  0    Dex:  9    Spells: 2/2 levels left

rFire   . . .        a - +0 mace
rCold   . . .        (no shield)
rNeg    . . .        i - +0 leather armour
rPois   .            (helmet restricted)
rElec   .            (no cloak)
rCorr   .            (no gloves)
SInv    .            (no boots)
Will    .....        (no amulet)
Stlth   +            (no ring)
HPRegen 0.25/turn    (no ring)
MPRegen 0.08/turn

%: no passive effects
@: no status effects
A: horns 2, retaliatory headbutt
a: Renounce Religion, Berserk, Trog's Hand


You were on level 3 of the Dungeon.
You worshipped Trog.
Trog was pleased with you.
You visited 1 branch of the dungeon, and saw 3 of its levels.

You collected 136 gold pieces.

Inventory:

Hand Weapons
 a - a +0 mace (weapon)
Missiles
 h - 6 javelins (quivered)
Armour
 b - a +0 animal skin
 i - a +0 leather armour (worn)
Scrolls
 e - a scroll of vulnerability {unknown}
 l - a scroll of identify {unknown}
 m - a scroll of noise {unknown}
 n - a scroll of magic mapping {unknown}
Potions
 c - a potion of lignification {unknown}
 d - a potion of brilliance {unknown}
 f - 2 potions of heal wounds {unknown}
 g - 2 potions of curing {unknown}
 j - 2 potions of mutation {unknown}
 k - a potion of resistance {unknown}


   Skills:
 + Level 4.3 Fighting
 + Level 4.5 Maces & Flails
 + Level 2.4 Armour
 + Level 3.0 Dodging
 + Level 0.1 Stealth


You had 2 spell levels left.
You didn't know any spells.
Your spell library contained the following spells:

 Spells                   Type           Power      Damage    Failure   Level
 Static Discharge         Conj/Air       0%         2-2/arc   69%         2
 Airstrike                Air            0%         2d(0-16)  100%        4
 Summon Lightning Spire   Summ/Air       0%         N/A       100%        4


Dungeon Overview and Level Annotations

Branches:
Dungeon (3/15)

Altars:
Nemelex Xobeh

Shops:
D:2 =


Innate Abilities, Weirdness & Mutations

You have a pair of horns on your head.
You reflexively headbutt those who attack you in melee.


Message History

Found a scroll labelled DAVVAB XUVAUMY.
n - a scroll labelled DAVVAB XUVAUMY
Found an escape hatch in the floor.
Found a stone staircase leading down.
Found 12 gold pieces.
There is an escape hatch in the floor here.
You now have 136 gold pieces (gained 12).
There is an escape hatch in the floor here.
An orc comes into view. It is wielding a +0 mace.
An orc comes into view. It is wielding a +0 war axe.
An orc comes into view. It is wielding a +0 trident.
The orc shouts! x3
The orc moves out of view.
An orc wizard comes into view. It is wielding a +0 dagger.
The orc wizard shouts!
You barely miss the orc. You sock the orc!
You kill the orc!
Trog accepts your kill. The orc hits you with a +0 mace!
A scorpion comes into view.
The orc barely misses you.
The orc wizard hits you with a +0 dagger.
You see here a +0 war axe.
You barely miss the orc wizard.
You headbutt the orc wizard, but do no damage.
The orc hits you with a +0 mace.
The orc wizard points at you and mumbles some strange words.
The magic dart hits you.
The orc hits you from afar with a +0 trident.
You hit the orc wizard.
The orc wizard is moderately wounded.
The orc hits you with a +0 mace.
* * * LOW HITPOINT WARNING * * *
The orc wizard hits you but does no damage.
The orc hits you but does no damage. The orc closely misses you.
The orc hits you with a +0 mace.
* * * LOW HITPOINT WARNING * * *
The scorpion attacks as you move away! The scorpion stings you.
You die...

####### ...... .#.. #
#..# #. #..# #.###.o#
#.##....#o####.#
#.......#so....#
####.....@########
#.##.#.##.....#
..##.##.#.##..>..#
...........>.....# ..
.. ..##.##.#.##.....#
..... #.##.#.##.....#
#.#.# #......########
#...
####.###...#######..#
#.# #............##.


You could see a scorpion, an orc wizard and 2 orcs.

Vanquished Creatures
  An adder (D:2)
  2 worms (D:2)
  An orc (D:3)
  6 endoplasms
  6 giant cockroaches
  5 hobgoblins
  3 kobolds
  2 quokkas
  2 ball pythons (D:1)
  2 bats (D:2)
  2 frilled lizards (D:2)
  4 rats
36 creatures vanquished.

Notes
Turn   | Place    | Note
-------+----------+-------------------------------------------
     0 | D:1      | Valnes the Minotaur Berserker began the quest for the Orb.
     0 | D:1      | Reached XP level 1. HP: 19/19 MP: 0/0
   172 | D:1      | Reached XP level 2. HP: 26/27 MP: 1/1
   866 | D:2      | Found Dumun's Jewellery Shop.
  1008 | D:2      | Reached XP level 3. HP: 33/33 MP: 2/2
  1041 | D:2      | Reached ** piety under Trog
  1100 | D:2      | Found a sparkling altar of Nemelex Xobeh.
  1262 | D:2      | Found a faded altar of an unknown god.
  1458 | D:3      | Noticed a scorpion
  1463 | D:3      | Slain by a scorpion

Illustrated notes

Levels and vault maps discovered:
D:1:      elethiomel_arrival_infinity_welcomes_careful_drivers,
          layout_loops_ring, amcnicky_mini_rare_corridor_liquid,
          item_on_display_a
D:2:      layout_rooms, shapermc_ecumenical_altar_venn, serial_shops,
          nicolae_shop_gaudy_bauble, basic_altar
D:3:      layout_loops_cross

Skill      XL: |  1  2  3 |
---------------+----------+-----
Fighting       | 4 |  4.3
Maces & Flails | 4 |  4.5
Dodging        | 3 |  3.0
Armour         | |  2.4
Stealth        | |  0.1

Action                     || total
---------------------------++-------
  Melee: Mace              ||    79
         Headbutt          ||    10
         Punch             ||     1
 Armour: Animal skin       ||     9
         Leather armour    ||    13
  Dodge: Dodged            ||    64
